 Dungeon Crawl Stone Soup version 0.20-a0-1101-g1de9d76 (webtiles) character file.

30 Alarkh the Chopper (level 3, 29/29 HPs)
             Began as a Demonspawn Berserker on May 4, 2017.
             Was a Believer of Trog.
             Got out of the dungeon alive.
             The game lasted 00:00:46 (698 turns).

Alarkh the Chopper (Demonspawn Berserker)            Turns: 698, Time: 00:00:47

Health: 29/29      AC:  4    Str: 17    XL:     3   Next: 3%
Magic:  3/3        EV: 12    Int:  9    God:    Trog [**....]
Gold:   53         SH:  0    Dex: 12    Spells: 2/2 levels left

rFire    . . .     SeeInvis .   a - +0 hand axe
rCold    . . .     Gourm    .   (no shield)
rNeg     . . .     Faith    .   b - +0 animal skin
rPois    .         Spirit   .   (no helmet)
rElec    .         Reflect  .   (no cloak)
rCorr    .         Harm     .   (no gloves)
MR       .....                  g - +1 pair of boots
Stlth    +.........             (no amulet)
Regen    0.1/turn               (no ring)
MPRegen  0.1/turn               (no ring)

@: no status effects
A: hooves 1, powered by pain 1
a: Berserk, Trog's Hand, Burn Spellbooks, Renounce Religion


You escaped.
You worshipped Trog.
Trog was pleased with you.
You were not hungry.

You visited 1 branch of the dungeon, and saw 2 of its levels.

You collected 53 gold pieces.

Inventory:

Hand Weapons
 a - a +0 hand axe (weapon)
Armour
 b - a +0 animal skin (worn)
 g - a +1 pair of boots (worn)
Scrolls
 i - a scroll of blinking {unknown}
 k - a scroll of teleportation {unknown}
Potions
 e - a potion of cancellation {unknown}
 h - a potion of curing {unknown}
 j - a potion of haste {unknown}
Comestibles
 c - 2 bread rations
 d - 2 chunks of flesh
 f - a royal jelly


   Skills:
 - Level 3.0 Fighting
 + Level 3.8 Axes
 - Level 1.7 Armour
 - Level 1.7 Dodging


You had 2 spell levels left.
You didn't know any spells.

Dungeon Overview and Level Annotations

Branches:
Dungeon (2/15)

Altars:


Innate Abilities, Weirdness & Mutations

You have large cloven feet.
You sometimes gain a little power by taking damage.


Message History

You feel clever.
Your demonic ancestry asserts itself...
Your feet thicken and deform.
You see here an adder corpse.
You feel a strong urge to attack something.
d - 2 chunks of flesh (gained 1) Calm down first, please.
Calm down first, please.
You feel your anger subside.
You are no longer berserk.
You are exhausted.
You feel yourself slow down.
You feel yourself speed up.
You recover from your berserk rage.
There is a stone staircase leading up here.
You climb upwards.
There is a stone staircase leading down here.
You see here a dagger of venom.
There is an open door here.
There is a staircase leading out of the dungeon here.
Are you sure you want to leave the Dungeon?
This will make you lose the game!
You have escaped!

#####.######)######### #...#
#.....##.............####...###
#.....##..........)..##.....##.
##...>.##..######'##..###....#..
##..#.#.##..#.......#..##........
...##.#.....#.......'..##.#......
.###..####..#.......#..#######...
.....#####..#.......#..#######...
........##..#...@...#).##........
.##..##.##..#.......#..##........
.##.....##..+.......#.......)....
.###....##..#.......#..##.......#
.###....##..##+######..##)......#
........##.............##........
.###....##.............##.......#
.###....##########.######.......#
........####### ##.# ###.......#


There were no monsters in sight!

Vanquished Creatures
  An adder (D:2)
  A dart slug (D:1)
  A leopard gecko (D:2)
  A giant cockroach (D:1)
  3 goblins (D:1)
  2 hobgoblins
  4 bats (D:1)
  A frilled lizard (D:1)
  5 rats (D:1)
19 creatures vanquished.

Notes
Turn   | Place    | Note
-------+----------+-------------------------------------------
     0 | D:1      | Alarkh the Demonspawn Berserker began the quest for the Orb.
     0 | D:1      | Reached XP level 1. HP: 18/18 MP: 1/1
   129 | D:1      | Gained mutation: You sometimes gain a little power by taking damage. [demonic ancestry]
   129 | D:1      | Reached XP level 2. HP: 22/24 MP: 2/2
   520 | D:2      | Reached ** piety under Trog
   626 | D:2      | Gained mutation: You have large cloven feet. [demonic ancestry]
   626 | D:2      | Reached XP level 3. HP: 29/29 MP: 3/3
   698 | D:$      | Got out of the dungeon alive.

Vault maps used:
D:1:      lemuel_arrival_room
D:2:      st_stairs_14, hangedman_decor_points, minmay_snake_closets,
          uniq_natasha

Skill      XL: |  1 |
---------------+----+-----
Axes           | 3 |  3.8
Fighting       | |  3.0
Armour         | |  1.7
Dodging        | |  1.7

Action                   || total
-------------------------++-------
Melee: Hand axe          ||    53
Invok: Berserk           ||     1
Armor: Animal skin       ||    16
Dodge: Dodged            ||    31
